 Dungeon Crawl Stone Soup version 0.23-a0-890-gc183402 (webtiles) character file.

Game seed: 4339207386666269974

92 drasked the Firebug (level 4, -1/33 HPs)
             Began as a Draconian Fire Elementalist on Jan 28, 2019.
             Slain by a worker ant (5 damage)
             ... on level 3 of the Dungeon.
             The game lasted 00:10:25 (2976 turns).

drasked the Firebug (Draconian Fire Elementalist)   Turns: 2976, Time: 00:10:26

Health: -1/33      AC:  6    Str: 10    XL:     4   Next: 35%
Magic:  0/7        EV: 17    Int: 16    God:
Gold:   127        SH:  0    Dex: 17    Spells: 3/7 levels left

rFire    . . .     SeeInvis .   d - +0 club
rCold    . . .     Gourm    .   (no shield)
rNeg     . . .     Faith    .   (armour unavailable)
rPois    .         Spirit   .   a - +1 hat
rElec    .         Reflect  .   (no cloak)
rCorr    .         Harm     .   (no gloves)
MR       .....                  (no boots)
Stlth    +++.......             (no amulet)
HPRegen  0.11/turn              (no ring)
MPRegen  0.10/turn              (no ring)

@: agile, lethally poisoned (-1 -> -14), flying, very slightly contaminated
A: unfitting armour, cold-blooded, AC +5
a: no special abilities


You were on level 3 of the Dungeon.
You were near starving.

You visited 1 branch of the dungeon, and saw 3 of its levels.

You collected 127 gold pieces.

Inventory:

Hand Weapons
 d - a +0 club (weapon)
   (You took it off a hobgoblin on level 1 of the Dungeon)
Armour
 a - a +1 hat (worn)
   (You found it on level 1 of the Dungeon)
 k - a +0 pair of gloves
   (You found it on level 2 of the Dungeon)
Scrolls
 c - 3 scrolls of teleportation {unknown}
 e - 2 scrolls of fear {unknown}
 f - a scroll of noise {unknown}
 h - a scroll of identify {unknown}
 i - a scroll of enchant weapon {unknown}
Potions
 g - 2 potions of flight
Comestibles
 b - 3 rations


   Skills:
 - Level 1.7 Dodging
 - Level 1.7 Stealth
 - Level 2.0 Spellcasting
 * Level 3.5 Conjurations
 + Level 3.8 Fire Magic


You had 3 spell levels left.
You knew the following spells:

 Your Spells              Type           Power        Failure   Level  Hunger
a - Flame Tongue          Conj/Fire      ##...        4%          1    #......
c - Conjure Flame         Conj/Fire      ##......     14%         3    ###....

Your spell library contained the following spells:

 Spells                   Type           Power        Failure   Level  Hunger
 Magic Dart               Conj           ##..         4%          1    #......
 Throw Flame              Conj/Fire      ##....       7%          2    ###....
 Searing Ray              Conj           ##....       8%          2    ###....
 Inner Flame              Hex/Fire       #.......     28%         3    ###....
 Dazzling Spray           Conj/Hex       #.....       30%         3    ###....
 Sticky Flame             Conj/Fire      ##......     41%         4    #####..
 Iskenderun's Mystic Bla  Conj           ##......     43%         4    #####..
 Force Lance              Conj/Tloc      #.......     69%         4    #####..
 Fulminant Prism          Conj/Hex       #.........   69%         4    #####..
 Fireball                 Conj/Fire      ##........   77%         5    ######.


Dungeon Overview and Level Annotations

Branches:
Dungeon (3/15)

Altars:
Wu Jian


Innate Abilities, Weirdness & Mutations

Your plain brown scales are hard. (AC +5)
You cannot fit into any form of body armour.
You are cold-blooded and may be slowed by cold attacks.


Message History

You add the spells Magic Dart, Searing Ray, Dazzling Spray, Fulminant Prism, Force Lance and Iskenderun's Mystic Blast to your library.
Unknown command.
Okay, then.
Okay, then.
You may need something to eat soon, looking for food.
Can't find anything matching that.
Sorry, you're not good enough to have a special ability.
Found a stone staircase leading up.
A kobold comes into view. It is wielding a +0 short sword.
MP restored: 7
There is a stone staircase leading up here.
Aim: a kobold, wielding a +0 short sword The flame tongue hits the kobold!
You kill the kobold!
You now have 6/7 mp.
A kobold comes into view.
The kobold shouts!
Things that are here:
a +0 short sword; 4 stones; a kobold corpse
Okay, then.
Aim: a kobold The flame tongue hits the kobold.
You now have 5/7 mp.
Aim: a kobold (moderately wounded)
The flame tongue hits the kobold.
You now have 4/7 mp.
Aim: a kobold (severely wounded)
The flame tongue hits the kobold.
You kill the kobold!
You now have 3/7 mp.
A worker ant comes into view.
The worker ant twitches its antennae in your direction.
You see here a scroll labeled QEIK MUEKLAEMM.
A worker ant is nearby!
That would be overly suicidal.
Okay, then.
Aim: a worker ant You miscast Flame Tongue.
You are very lightly contaminated with residual magic.
Nothing appears to happen.
You now have 3/7 mp.
Aim: a worker ant The flame tongue hits the worker ant.
You are near starving!
The worker ant barely misses you.
You now have 2/7 mp.
Aim: a worker ant (moderately wounded)
The flame tongue hits the worker ant.
The worker ant misses you.
Aim: a worker ant (severely wounded)
The flame tongue misses the worker ant.
The worker ant bites you.
You are poisoned.
The worker ant poisons you!
You take 5 damage, and have 28/33 hp.
You now have 1/7 mp.
You feel sick.
You take 1 damage, and have 27/33 hp.
Aim: a worker ant (severely wounded)
The flame tongue misses the worker ant.
The worker ant bites you. The worker ant closely misses you.
You take 3 damage, and have 24/33 hp.
You now have 0/7 mp.
You closely miss the worker ant.
You feel sick. The worker ant closely misses you.
You take 1 damage, and have 23/33 hp.
You hit the worker ant.
The worker ant bites you but does no damage.
The worker ant bites you.
You take 3 damage, and have 20/33 hp.
You barely miss the worker ant.
You feel sick. The worker ant bites you.
You are more poisoned.
The worker ant poisons you!
You take 4 damage, and have 16/33 hp.
You don't have enough magic to cast that spell.
You feel sick.
Things that are here:
a +0 short sword; 4 stones; a kobold corpse You feel sick.
The worker ant bites you.
* * * LOW HITPOINT WARNING * * *
You are more poisoned.
The worker ant poisons you!
You take 7 damage, and have 9/33 hp.
MASSIVE DAMAGE!!
It was a potion of flight.
You feel very buoyant.
You fly up into the air.
* * * LOW HITPOINT WARNING * * *
You feel sick. The worker ant barely misses you.
You take 1 damage, and have 8/33 hp.
It was a potion of agility.
You feel agile all of a sudden.
* * * LOW HITPOINT WARNING * * *
You feel sick. The worker ant barely misses you.
You take 2 damage, and have 6/33 hp.
Aim: a worker ant (severely wounded)
The flame tongue hits the worker ant.
* * * LOW HITPOINT WARNING * * *
You feel sick. The worker ant barely misses you.
You take 1 damage, and have 5/33 hp.
You now have 0/7 mp.
You barely miss the worker ant.
Your tail-slap misses the worker ant.
* * * LOW HITPOINT WARNING * * *
You feel sick. The worker ant bites you.
You die...

##################
.......?........[#
##########a#####.#
#@# #.# #<#
#######.#####.#
..............#
#######.#####.#
#######.#####.#
..............#
..............#


You could see a worker ant.

Vanquished Creatures
  Robin (D:1)
  An adder (D:2)
  A worm (D:2)
  3 dart slugs
  A leopard gecko (D:1)
  3 bats
  3 giant cockroaches (D:1)
  14 hobgoblins
  4 jackals
  6 kobolds
  A ball python (D:1)
  3 frilled lizards
  9 goblins
  4 rats
54 creatures vanquished.

Notes
Turn   | Place    | Note
-------+----------+-------------------------------------------
     0 | D:1      | drasked the Draconian Fire Elementalist began the quest for
                  | the Orb.
     0 | D:1      | Reached XP level 1. HP: 14/14 MP: 3/3
   284 | D:1      | Reached XP level 2. HP: 20/20 MP: 0/5
   395 | D:1      | Reached skill level 2 in Conjurations
   860 | D:1      | Reached XP level 3. HP: 26/26 MP: 4/6
   870 | D:1      | Learned a level 3 spell: Conjure Flame
  1378 | D:2      | Noticed Robin
  1747 | D:1      | Killed Robin
  1747 | D:1      | Reached skill level 3 in Conjurations
  2018 | D:2      | Reached XP level 4. HP: 33/33 MP: 0/7
  2125 | D:2      | Found an ornate altar of the Wu Jian Council.
  2973 | D:3      | HP: 8/33 [poisoned by a worker ant]
  2976 | D:3      | Slain by a worker ant

Vault maps used:
D:1:      roderic_crossed_star, hangedman_decor_opposing,
          chequers_serial_rivers_large_a, minmay_octomino_j4
D:2:      overflow_temple_1_default, minmay_tree_intersection, uniq_robin
D:3:      grunt_gozag_statues, fedhas_altar_1, ebering_ghost_disaster_area,
          okawaru_ov_weapons_minmay, uniq_jessica, uniq_sigmund,
          uniq_crazy_yiuf_cottage, uniq_purgy

Skill      XL: |  1  2  3 |
---------------+----------+-----
Conjurations   | 2 3 |  3.5
Dodging        | |  1.7
Stealth        | |  1.7
Spellcasting   | |  2.0
Fire Magic     | |  3.8

Action                   |  1- 3 |  4- 6 || total
-------------------------+-------+-------++-------
Melee: Unarmed           |    22 |       ||    22
       Tailslap          |     2 |       ||     2
       Club              |    14 |     4 ||    18
 Cast: Flame Tongue      |    71 |    24 ||    95
  Use: Potion            |       |     2 ||     2
  Eat: Chunk             |     1 |     2 ||     3
       Ration            |     1 |       ||     1
Armor: Skin              |    21 |     4 ||    25
Dodge: Dodged            |    58 |    11 ||    69

Table legend:
 A = Non-vault XP
 B = Vault XP
 C = Vault XP percentage of total XP
 D = Non-vault monster count
 E = Vault monster count
 F = Vault count percentage of total count
                 A         B        C        D         E       F
            +---------+---------+-------+---------+---------+-------
      Total |      94 |      38 |  28.8 |      42 |      12 |  22.2
            +---------+---------+-------+---------+---------+-------
        D:1 |      47 |      26 |  35.6 |      25 |       6 |  19.4
        D:2 |      39 |      12 |  23.5 |      13 |       6 |  31.6
        D:3 |       8 |       0 |   0.0 |       4 |       0 |   0.0
            +---------+---------+-------+---------+---------+-------

Vault maps used:
D:1:      roderic_crossed_star, hangedman_decor_opposing,
          chequers_serial_rivers_large_a, minmay_octomino_j4
D:2:      overflow_temple_1_default, minmay_tree_intersection, uniq_robin
D:3:      grunt_gozag_statues, fedhas_altar_1, ebering_ghost_disaster_area,
          okawaru_ov_weapons_minmay, uniq_jessica, uniq_sigmund,
          uniq_crazy_yiuf_cottage, uniq_purgy

Table legend:
 A = Turns spent in this place as a percentage of turns spent in the entire game.
 B = Non-inter-level travel turns spent in this place as a percentage of non-inter-level travel turns spent in the entire game.
 C = Inter-level travel turns spent in this place as a percentage of turns spent in this place.
 D = Turns resting spent in this place as a percentage of non-inter-level travel turns spent in this place.
 E = Turns spent auto-exploring this place as a percentage of non-inter-level travel turns spent in this place.
 F = Non-inter-level travel turns spent in this place divided by the number of levels of this place that you've seen.
                   A       B       C       D       E      F
               +-------+-------+-------+-------+-------+----------------------
         Total | 100.0 | 100.0 |   4.2 |  27.6 |  53.5 | 950.0
       Dungeon | 100.0 | 100.0 |   4.2 |  27.6 |  53.5 | 950.0
               +-------+-------+-------+-------+-------+----------------------

Table legend:
 A = Kills in this place as a percentage of kills in entire the game.
 B = Kills by you in this place as a percentage of kills by you in the entire game.
 C = Kills by friends in this place as a percentage of kills by friends in the entire game.
 D = Other kills in this place as a percentage of other kills in the entire game.
 E = Experience gained in this place as a percentage of experience gained in the entire game.
 F = Experience gained in this place divided by the number of levels of this place that you have seen.
                   A       B       C       D       E      F
               +-------+-------+-------+-------+-------+----------------------
         Total | 100.0 | 100.0 |   N/A |   N/A | 100.0 |  44.0
       Dungeon | 100.0 | 100.0 |   N/A |   N/A | 100.0 |  44.0
               +-------+-------+-------+-------+-------+----------------------
